 Dungeon Crawl Stone Soup version 0.18.1-48-g4cf74bf (console) character file.

157757 Kloppie the Minotaur Blade (level 17, -20/171 HPs)
             Began as a Minotaur Berserker on June 24, 2016.
             Was a High Priest of Trog.
             Demolished by a wolf spider (21 damage)
             ... on level 4 of the Spider Nest.
             The game lasted 01:14:43 (35853 turns).

Kloppie the Minotaur Blade (Minotaur Berserker)    Turns: 35853, Time: 01:14:44

Health: -20/171    AC: 23    Str: 24    XL:     17   Next: 13%
Magic:  16/16      EV: 15    Int:  6    God:    Trog [*****.]
Gold:   1574       SH:  2    Dex: 15    Spells: 0 memorised, 16 levels left

rFire  + . .     SeeInvis .     a - +4 triple sword (elec)
rCold  + + .     Gourm    .     w - +2 plate armour {MR+}
rNeg   . . .     Faith    .     (shield currently unavailable)
rPois  +         Spirit   .     N - +1 hat of Resilience {-Cast MR+ Slay+3}
rElec  +         Dismiss  .     U - +1 cloak {rC+}
rCorr  .         Reflect  +     (no gloves)
SustAt .         Harm     .     p - +0 pair of boots
MR     ++++.     NoCast   +     F - +2 amulet of reflection
Stlth  ..........               v - ring of protection from fire
                                A - ring "Ostrust" {rElec rPois MR- Int+2}

@: lethally poisoned (-20 -> -20), regenerating, incredibly resistant to hostile
enchantments, extremely unstealthy
A: retaliatory headbutt, horns 2, repulsion field 1, cold resistance 1, sense
surroundings 1
a: Berserk, Trog's Hand, Brothers in Arms, Burn Spellbooks, Renounce Religion


You were on level 4 of the Spider Nest.
You worshipped Trog.
Trog was extremely pleased with you.
You were hungry.

You visited 5 branches of the dungeon, and saw 31 of its levels.
You visited 1 bazaar.
You also visited: Ossuary and Ice Cave.

You collected 2680 gold pieces.
You spent 1106 gold pieces at shops.

Inventory:

Hand Weapons
 a - a +4 triple sword of electrocution (weapon)
 b - a +1 double sword of flaming
 y - a +4 antimagic great sword
 B - the +6 long sword of Darkness {slice, +Rage rPois}
   (Trog gifted it to you on level 7 of the Lair of Beasts)

   It inflicts extra damage upon your enemies.
   It protects you from poison.
   It lets you go berserk.
 E - a +4 great sword of protection
Armour
 p - a +0 pair of boots (worn)
 w - a +2 plate armour of magic resistance (worn)
 K - a +0 shield of reflection
 N - the +1 hat of Resilience (worn) {-Cast MR+ Slay+3}
   (You acquired it on level 14 of the Dungeon)

   It affects your accuracy and damage with ranged weapons and melee attacks
   (+3).
   It affects your resistance to hostile enchantments.
   It prevents spellcasting.
 T - the +5 ring mail of Lies {*Drain Regen+ MP+9 SInv}
   (You found it on level 14 of the Dungeon)

   It affects your magic capacity (+9).
   It lets you see invisible.
   It increases your rate of regeneration.
   It causes draining when unequipped.
 U - a +1 cloak of cold resistance (worn)
Jewellery
 d - an uncursed ring of see invisible
 v - a ring of protection from fire (right hand)
 A - the ring "Ostrust" (left hand) {rElec rPois MR- Int+2}
   (You bought it in a shop in a bazaar)

   [ring of intelligence]

   It affects your intelligence (+2).
   It insulates you from electricity.
   It protects you from poison.
   It affects your resistance to hostile enchantments.
 D - an uncursed ring of poison resistance
 F - a +2 amulet of reflection (around neck)
 V - an uncursed ring of protection from magic
Wands
 C - a wand of slowing (19/48)
 L - a wand of digging (15/24)
 M - a wand of iceblast (4/15)
 O - a wand of flame (17/48)
 R - a wand of iceblast (1/15)
 S - a wand of random effects (29/48)
 W - a wand of heal wounds (2/9)
 X - a wand of polymorph (11/24)
 Y - a wand of enslavement (13/24)
 Z - a wand of polymorph (14/24)
Scrolls
 e - 5 scrolls of magic mapping
 f - 7 scrolls of enchant armour
 g - 10 scrolls of remove curse
 i - 9 scrolls of enchant weapon
 k - 6 scrolls of noise
 l - a scroll of silence
 o - 2 scrolls of fog
 s - 2 scrolls of identify
 x - 6 scrolls of teleportation
 z - 5 scrolls of blinking
 I - 3 scrolls of holy word
 P - 3 scrolls of recharging
 Q - a scroll of acquirement
Potions
 j - 20 potions of curing
 m - 3 potions of heal wounds
 n - 5 potions of might
 r - a potion of haste
 t - 2 potions of flight
 G - a potion of invisibility
 H - 4 potions of resistance
 J - 2 potions of cancellation
Comestibles
 c - 18 bread rations
 h - 4 meat rations
 q - 4 slices of pizza
 u - 10 beef jerkies


   Skills:
 + Level 20.3 Fighting
 + Level 21.3 Long Blades
   Level 7.4 Maces & Flails
 - Level 14.6 Armour
 - Level 10.9 Dodging


You had 16 spell levels left.
You didn't know any spells.

Dungeon Overview and Level Annotations

Branches:
Dungeon (15/15)            Temple (0/1) D:7            Lair (8/8) D:9
 Shoals (2/4) Lair:5       Spider (4/4) Lair:3        Slime (0/6) Lair:6
    Orc (2/2) D:11            Elf (0/3) Orc:2        Vaults (0/5) D:13
 Depths (0/5) D:15

Altars:
Cheibriados
Dithmenos
Fedhas
Makhleb
Nemelex Xobeh
Pakellas
Vehumet
Xom
Yredelemnul
Zin
The Shining One
Beogh

Shops:
D:6 :((   D:8 [   Orc:2 =[=}

Annotations:
Lair:4 exclusion: oklob plant
Spider:2 exclusion: obsidian statue


Innate Abilities, Weirdness & Mutations

You reflexively headbutt those who attack you in melee.
You have a pair of horns on your head.
You are surrounded by a mild repulsion field (EV +2).
Your flesh is cold resistant.
You passively map a small area around you.


Message History

You feel sick. The wolf spider completely misses you.
The wolf spider bites you but does no damage.
You are feeling hungry.
You feel sick. The wolf spider hits you!!
* * * LOW HITPOINT WARNING * * *
The wolf spider bites you but does no damage.
You see here a robe.
You feel sick. The wolf spider hits you.
* * * LOW HITPOINT WARNING * * *
The wolf spider bites you but does no damage.
The wolf spider hits you but does no damage.
The wolf spider bites you but does no damage.
The redback misses you. You furiously retaliate!
You headbutt the redback!
You kill the redback!
Trog accepts your kill.
Your surroundings seem slightly different.
* * * LOW HITPOINT WARNING * * *
You feel sick.
You feel sick. The wolf spider hits you!!
You die...

.#......,,,,^..#.....^..##*,**
...#..#.,...#...##...##..#***
........,..#....#.......##
............#..^.#..#....##
....#^..#.....##....#.....#**
...#.....#......#^s.[y#..#..#*
......#....#.......ss.^......*
^#.#.....,#.....ys§.#....).##*
#....[..#,#...##@###..##..##
.<...#*,,#.^^.....#,#.#*#.#
...#.........#.....#### *##
##....#.##.,...#...#
........,*,.#...^^$#
...........,..#.#.##
..^.....#.,...,.*##
#########*######*


You could see an emperor scorpion, a demonic crawler, a wolf spider (berserk), 2
hornets and a redback (berserk).

Vanquished Creatures
  Rupert (D:13)
  Gastronok (Lair:1)
  Donald (D:12)
  A ghost moth (Spider:2)
  Maud (D:10)
  An emperor scorpion (Spider:2)
  Nessos (D:14)
  3 dire elephants (Lair:8)
  A spark wasp (Spider:3)
  2 merfolk impalers
  A merfolk javelineer (Shoals:2)
  An ettin (Orc:1)
  Harold (D:10)
  3 entropy weavers (Spider:2)
  Fannar (D:11)
  9 hydras
  2 merfolk avatars (Shoals:2)
  3 catoblepae
  3 death yaks (Lair:5)
  An anaconda (Lair:8)
  2 centaur warriors (D:15)
  A vampire mage (D:15)
  A fire crab (Lair:8)
  Sonja (D:15)
  2 skeletal warriors
  An unseen horror (D:12)
  3 sea snakes
  13 harpies
  5 orc knights
  An anubis guard (shapeshifter) (D:15)
  14 orb spiders
  9 hill giants
  2 orc sorcerers (Orc:2)
  2 necromancers
  A stone giant zombie (D:15)
  9 fauns
  2 manticores (Shoals:2)
  17 ugly things
  A salamander (shapeshifter) (D:14)
  A deep elf mage (D:14)
  A cyclops (D:14)
  23 wolf spiders
  6 griffons
  3 moths of wrath
  12 elephants
  2 water nymphs
  An ice statue (IceCv)
  3 black mambas
  2 sirens
  2 torpor snails (Spider:1)
  A gargoyle (D:10)
  12 spiny frogs
  2 elf zombies (D:15)
  8 komodo dragons
  2 kobold demonologists
  10 freezing wraiths (IceCv)
  A guardian mummy (D:14)
  14 jumping spiders
  9 demonic crawlers
  5 trolls
  A troll (shapeshifter) (D:14)
  A polar bear (Lair:7)
  A wolf spider simulacrum (IceCv)
  4 boulder beetles
  A snapping turtle (Shoals:2)
  14 blink frogs (Lair:1)
  8 merfolk
  A deep troll zombie (D:15)
  2 water elementals (Shoals:1)
  Sigmund (D:6)
  53 redbacks
  3 wyverns
  A shadow (D:13)
  A wraith (D:13)
  18 tarantellas
  16 humans
  A basilisk (Lair:8)
  53 yaks
  7 hippogriffs
  A hungry ghost (D:8)
  A death yak simulacrum (IceCv)
  A mottled dragon (D:14)
  A soldier ant (D:11)
  2 wargs
  Edmund (D:6)
  11 water moccasins
  15 porcupines
  8 ice beasts
  5 sky beasts
  39 orc warriors
  An alligator simulacrum (IceCv)
  2 wasps
  2 black bears
  An eye of draining (D:12)
  A necrophage (D:7)
  9 ogres
  11 wolves
  24 centaurs
  11 crocodiles
  2 big kobolds
  32 giant frogs
  8 scorpions
  A wyvern skeleton (D:11)
  An elephant simulacrum (IceCv)
  21 wights
  9 killer bees (D:10)
  2 vampire bats (Orc:2)
  5 howler monkeys
  8 electric eels
  11 crimson imps
  5 giant frog zombies
  A centaur zombie (D:7)
  5 draconian simulacra (IceCv)
  A gnoll shaman (D:4)
  25 orc priests
  2 centaur skeletons
  20 jellies
  2 human zombies (Ossuary)
  9 hounds
  20 orc wizards
  9 iguanas
  2 troll simulacra (IceCv)
  11 worker ants
  A spriggan simulacrum (IceCv)
  A killer bee zombie (D:11)
  23 sheep
  2 big kobold zombies (Ossuary)
  4 centaur simulacra
  A hound zombie (D:5)
  2 hound skeletons
  2 mummies (Ossuary)
  2 worker ant zombies
  9 adders
  7 gnolls
  A howler monkey skeleton (D:8)
  2 ogre simulacra (IceCv)
  77 river rats
  7 naga simulacra (IceCv)
  A shadow imp (D:14)
  13 white imps
  An adder skeleton (D:2)
  4 adder zombies
  2 worms (Lair:3)
  2 dart slugs
  5 giant geckos
  85 orcs
  9 giant cockroaches
  17 goblins
  7 hobgoblins
  6 jackals (D:6)
  18 kobolds
  5 quokkas
  10 bats
  A giant gecko zombie (D:8)
  7 giant newts
  A goblin zombie (Ossuary)
  10 hobgoblin zombies (Ossuary)
  2 jackal skeletons
  3 jackal zombies (Ossuary)
  11 kobold zombies (Ossuary)
  5 orc zombies (Ossuary)
  A quokka zombie (D:9)
  5 rats
  2 rat zombies (Ossuary)
  3 plants (Lair:8)
1168 creatures vanquished.

Vanquished Creatures (collateral kills)
  An emperor scorpion (Spider:1)
  A dire elephant (Lair:8)
  Nergalle (D:11)
  A wind drake (Shoals:2)
  3 merfolk (Shoals:2)
  A redback (Spider:4)
8 creatures vanquished.

Vanquished Creatures (others)
  A redback (Spider:1)
  A tarantella (Spider:2)
  19 fungi
  5 plants (Lair:8)
26 creatures vanquished.

Grand Total: 1202 creatures vanquished

Notes
Turn   | Place    | Note
--------------------------------------------------------------
     0 | D:1      | Kloppie the Minotaur Berserker began the quest for the Orb.
     0 | D:1      | Reached XP level 1. HP: 19/19 MP: 0/0
     6 | D:1      | Noticed a hog
     6 | D:1      | Noticed a lindwurm
     6 | D:1      | Noticed a four-headed hydra
     7 | D:1      | Noticed a crocodile
     7 | D:1      | Noticed an anaconda
   108 | D:1      | Reached skill level 4 in Long Blades
   194 | D:1      | Reached XP level 2. HP: 26/27 MP: 1/1
   521 | D:2      | Found a shadowy altar of Dithmenos.
   682 | D:2      | Reached ** piety under Trog
   682 | D:2      | Reached XP level 3. HP: 27/33 MP: 2/2
  1093 | D:2      | Reached skill level 5 in Long Blades
  1095 | D:2      | Reached XP level 4. HP: 36/41 MP: 3/3
  1229 | D:3      | Found a sparkling altar of Nemelex Xobeh.
  1377 | D:3      | Reached skill level 5 in Fighting
  1761 | D:3      | Reached XP level 5. HP: 37/48 MP: 4/4
  1767 | D:3      | Reached skill level 6 in Long Blades
  1840 | D:3      | Reached *** piety under Trog
  2263 | D:3      | Reached XP level 6. HP: 46/57 MP: 5/5
  2538 | D:4      | Reached skill level 7 in Long Blades
  2810 | D:4      | Reached XP level 7. HP: 53/66 MP: 6/6
  2999 | D:5      | Entered Level 5 of the Dungeon
  3280 | D:5      | Reached **** piety under Trog
  3280 | D:5      | Reached skill level 8 in Long Blades
  3346 | D:5      | Found a snail-covered altar of Cheibriados.
  3894 | D:5      | Reached XP level 8. HP: 75/75 MP: 7/7
  4019 | D:5      | Found a glowing golden altar of the Shining One.
  4019 | D:5      | Found a burning altar of Makhleb.
  4321 | D:6      | Found Cazelown's Book Shoppe.
  4327 | D:6      | Noticed Edmund
  4350 | D:6      | Killed Edmund
  4350 | D:6      | Reached skill level 9 in Long Blades
  4463 | D:6      | Found Ilalleez's Antique Weapon Boutique.
  4475 | D:6      | Bought a runed falchion for 96 gold pieces
  4489 | D:6      | Noticed Sigmund
  4497 | D:6      | Killed Sigmund
  4709 | D:6      | Found Ehaex's Antique Weapon Shoppe.
  4777 | D:6      | Reached skill level 10 in Long Blades
  4860 | D:6      | Found a basalt altar of Yredelemnul.
  5056 | D:7      | Found a staircase to the Ecumenical Temple.
  5093 | D:7      | Reached skill level 10 in Fighting
  5221 | D:7      | Found a blossoming altar of Fedhas.
  5440 | D:7      | Received a gift from Trog
  5440 | D:7      | Reached XP level 9. HP: 69/86 MP: 8/8
  5501 | D:7      | Found a glowing silver altar of Zin.
  5501 | D:7      | Noticed an angel
  5503 | D:7      | Found a shimmering altar of Xom.
  5712 | D:7      | Found a sand-covered staircase.
  5723 | Ossuary  | Entered an ossuary
  5875 | Ossuary  | Reached skill level 11 in Long Blades
  6250 | D:8      | Found Pihochu's Antique Armour Boutique.
  6258 | D:8      | Bought a glowing ring mail for 84 gold pieces
  6701 | D:8      | Found a radiant altar of Vehumet.
  6935 | D:8      | Reached skill level 12 in Long Blades
  7337 | D:8      | Reached XP level 10. HP: 73/97 MP: 9/9
  7737 | D:9      | Found a staircase to the Lair.
  8055 | D:9      | Found an oddly glowing altar of Pakellas.
  8596 | D:10     | Entered Level 10 of the Dungeon
  8605 | D:10     | Reached ***** piety under Trog
  8605 | D:10     | Reached skill level 13 in Long Blades
  8681 | D:10     | Noticed a hill giant
  8693 | D:10     | Killed a hill giant
  8707 | D:10     | Noticed a hill giant
  8719 | D:10     | Killed a hill giant
  8843 | D:10     | Received a gift from Trog
  9351 | D:10     | Noticed a hill giant
  9358 | D:10     | Killed a hill giant
  9402 | D:10     | Noticed Harold
  9428 | D:10     | Killed Harold
  9428 | D:10     | Reached skill level 14 in Long Blades
  9623 | D:10     | Reached XP level 11. HP: 93/110 MP: 10/10
  9732 | D:10     | Noticed Maud
  9747 | D:10     | Killed Maud
 10411 | D:11     | Found a staircase to the Orcish Mines.
 10495 | D:11     | Found a shimmering altar of Xom.
 10496 | D:11     | Found a shimmering altar of Xom.
 10497 | D:11     | Found a shimmering altar of Xom.
 10498 | D:11     | Found a shimmering altar of Xom.
 10498 | D:11     | Found a shimmering altar of Xom.
 10567 | D:11     | Noticed Fannar
 10605 | D:11     | Killed Fannar
 10605 | D:11     | Reached skill level 15 in Long Blades
 10886 | D:11     | Noticed Nergalle
 10953 | Lair:1   | Entered Level 1 of the Lair of Beasts
 10963 | Lair:1   | Reached skill level 5 in Armour
 12239 | Lair:1   | Reached XP level 12. HP: 88/118 MP: 11/11
 12242 | Lair:1   | Reached skill level 16 in Long Blades
 12267 | Lair:1   | Reached skill level 1 in Maces & Flails
 12510 | Lair:1   | Noticed Gastronok
 12532 | Lair:1   | Killed Gastronok
 13018 | Lair:1   | Reached skill level 5 in Maces & Flails
 13251 | Lair:2   | Reached skill level 10 in Armour
 13274 | Lair:2   | Found a radiant altar of Vehumet.
 14058 | Lair:3   | Received a gift from Trog
 14248 | Lair:3   | Got a slimy leather armour
 14266 | Lair:3   | Identified the +0 leather armour of the Will of the Gods {MR+ Stlth+} (You found it on level 3 of the Lair of Beasts)
 14350 | Lair:3   | Found a hole to the Spider Nest.
 14850 | Lair:4   | Noticed an eight-headed hydra
 14859 | Lair:4   | Killed a four-headed hydra
 15311 | Lair:4   | Noticed an eight-headed hydra
 15331 | Lair:4   | Killed a five-headed hydra
 15593 | Lair:4   | Reached XP level 13. HP: 125/125 MP: 12/12
 16601 | Lair:5   | Reached skill level 5 in Dodging
 17166 | Lair:5   | Found a staircase to the Shoals.
 17818 | Lair:6   | Reached ****** piety under Trog
 17987 | Lair:6   | Received a gift from Trog
 18132 | Lair:6   | Gained mutation: You are surrounded by a mild repulsion field (EV +2). [potion of beneficial mutation]
 18133 | Lair:6   | Gained mutation: You passively map a small area around you. [potion of beneficial mutation]
 18134 | Lair:6   | Gained mutation: Your flesh is cold resistant. [potion of beneficial mutation]
 18137 | Lair:6   | Found a staircase to the Slime Pits.
 18907 | Lair:7   | Found a frozen archway.
 18963 | IceCv    | Entered an ice cave
 19702 | IceCv    | Found an ancient bone altar of Kikubaaqudgha.
 20074 | Lair:7   | Received a gift from Trog
 20075 | Lair:7   | Got a crude long sword {god gift}
 20111 | Lair:7   | Identified the +6 long sword of Darkness {slice, +Rage rPois} (Trog gifted it to you on level 7 of the Lair of Beasts)
 20159 | Lair:7   | Reached XP level 14. HP: 128/133 MP: 13/13
 20281 | Lair:7   | Reached skill level 10 in Dodging
 20970 | D:11     | Killed Nergalle
 21381 | Orc:1    | Entered Level 1 of the Orcish Mines
 21436 | Orc:1    | Received a gift from Trog
 21636 | Orc:2    | Entered Level 2 of the Orcish Mines
 21696 | Orc:2    | Found a flickering gateway to a bazaar.
 21744 | Orc:2    | Found a roughly hewn altar of Beogh.
 21771 | Bazaar   | Entered a bazaar
 21771 | Bazaar   | Found Reakukhliown's Magic Scroll Boutique.
 21771 | Bazaar   | Found Cuguih's Armour Shop.
 21771 | Bazaar   | Found Roar's Book Boutique.
 21771 | Bazaar   | Found Sinoenid's Jewellery Boutique.
 21771 | Bazaar   | Found Lezxoi Joutz's Weapon Shop.
 21771 | Bazaar   | Found Asul's Assorted Antiques.
 21792 | Bazaar   | Bought a scroll of identify for 20 gold pieces
 21797 | Bazaar   | Bought a scroll of identify for 52 gold pieces
 21804 | Bazaar   | Bought a cursed -3 ring of evasion for 20 gold pieces
 21804 | Bazaar   | Bought a cursed ring of loudness for 45 gold pieces
 21804 | Bazaar   | Bought the ring "Ostrust" {rElec rPois MR- Int+2} for 215 gold pieces
 21806 | Bazaar   | Bought an uncursed ring of protection from fire for 250 gold pieces
 21839 | Orc:2    | Found a staircase to the Elven Halls.
 21960 | Orc:2    | Reached skill level 15 in Fighting
 21998 | Orc:2    | Found a roughly hewn altar of Beogh.
 22238 | Orc:2    | Received a gift from Trog
 22804 | Orc:2    | Found Huegodgh's Jewellery Shoppe.
 22804 | Orc:2    | Found Vanletoepp's Armour Shop.
 22806 | Orc:2    | Found Wyekiur's Jewellery Boutique.
 22808 | Orc:2    | Found Dumaeck's Gadget Emporium.
 22812 | Orc:2    | Bought a cursed ring of teleportation for 49 gold pieces
 22871 | Orc:2    | Bought a +2 amulet of reflection for 275 gold pieces
 23165 | Lair:8   | Entered Level 8 of the Lair of Beasts
 23509 | Lair:8   | Reached skill level 17 in Long Blades
 24680 | Lair:8   | Received a gift from Trog
 25240 | D:12     | Reached XP level 15. HP: 129/144 MP: 14/14
 25491 | D:13     | Noticed Donald
 25495 | D:13     | Found a gate to the Vaults.
 25497 | D:13     | Noticed Rupert
 25518 | D:12     | Killed Donald
 25911 | D:13     | Killed Rupert
 25911 | D:13     | Reached skill level 18 in Long Blades
 26611 | D:14     | Noticed Nessos
 26614 | D:14     | Received a gift from Trog
 26625 | D:14     | Killed Nessos
 27403 | D:14     | Got a fine ring mail
 27404 | D:14     | Identified 3 scrolls of acquirement
 27407 | D:14     | Identified the +5 ring mail of Lies {*Drain Regen+ MP+9 SInv} (You found it on level 14 of the Dungeon)
 27639 | D:14     | Got a spiked hat
 27650 | D:14     | Identified the +1 hat of Resilience {-Cast MR+ Slay+3} (You acquired it on level 14 of the Dungeon)
 27706 | D:15     | Entered Level 15 of the Dungeon
 28194 | D:15     | Noticed Sonja
 28204 | D:15     | Killed Sonja
 28212 | D:15     | Found a staircase to the Depths.
 28570 | D:15     | Reached skill level 19 in Long Blades
 28644 | D:15     | Received a gift from Trog
 29250 | Shoals:1 | Entered Level 1 of the Shoals
 30142 | Shoals:2 | Reached XP level 16. HP: 159/159 MP: 15/15
 30809 | Shoals:2 | Received a gift from Trog
 31198 | Spider:1 | Entered Level 1 of the Spider Nest
 31211 | Spider:1 | Reached skill level 20 in Long Blades
 34552 | Spider:2 | Received a gift from Trog
 34607 | Spider:3 | Reached skill level 21 in Long Blades
 35060 | Spider:3 | Reached XP level 17. HP: 149/170 MP: 16/16
 35403 | Spider:4 | Entered Level 4 of the Spider Nest
 35850 | Spider:4 | HP: 5/171 [wolf spider (22)]
 35851 | Spider:4 | HP: 2/171 [wolf spider (3)]
 35853 | Spider:4 | Demolished by a wolf spider

Skill      XL: |  1  2  3  4  5  6  7  8  9 10 11 12 13 14 15 16 |
---------------+-------------------------------------------------+-----
Long Blades    | 4 5 6 7 8 10 12 14 15 16 17 19 21 | 21.3
Fighting       | 4 5 6 7 8 10 12 14 16 18 20 | 20.3
Armour         | 8 10 13 14 | 14.6
Maces & Flails | 7 |  7.4
Dodging        | 3 9 10 | 10.9

Action                   |  1- 3 |  4- 6 |  7- 9 | 10-12 | 13-15 | 16-18 || total
-------------------------+-------+-------+-------+-------+-------+-------++-------
Melee: Falchion          |    97 |   109 |   424 |       |       |       ||   630
       Headbutt          |    13 |    21 |   105 |   145 |   399 |   119 ||   802
       Long sword        |       |       |    15 |   185 |       |       ||   200
       Double sword      |       |       |       |   495 |  1467 |   210 ||  2172
       Flail             |       |       |       |     2 |       |       ||     2
       Triple sword      |       |       |       |       |       |   285 ||   285
Invok: Berserk           |     1 |     2 |     2 |     3 |     1 |     1 ||    10
       Trog's Hand       |       |       |     8 |    11 |    23 |     7 ||    49
       Brothers in Arms  |       |       |       |       |     3 |     3 ||     6
Evoke: Wand              |       |       |       |       |       |     1 ||     1
  Use: Scroll            |       |       |       |    24 |    19 |     7 ||    50
       Potion            |       |       |       |     1 |     5 |     3 ||     9
 Stab: Sleeping          |     1 |       |       |       |       |       ||     1
       Petrified         |       |       |       |       |     1 |       ||     1
  Eat: Chunk             |     2 |     7 |    15 |    21 |    29 |     6 ||    80
       Meat ration       |       |       |     2 |     1 |     4 |     3 ||    10
       Royal jelly       |       |       |       |     1 |     2 |       ||     3
Armor: Animal skin       |     6 |       |       |       |       |       ||     6
       Scale mail        |    20 |    32 |    93 |       |       |       ||   145
       Leather armour    |     1 |       |       |       |       |       ||     1
       Ring mail         |       |       |    11 |   165 |       |       ||   176
       Plate armour      |       |       |       |    98 |   669 |   447 ||  1214
Dodge: Dodged            |    53 |    68 |   183 |   300 |   919 |   448 ||  1971
Block: Other             |       |       |       |       |    27 |    41 ||    68
       Reflection        |       |       |       |       |     3 |       ||     3
